 Dungeon Crawl Stone Soup version 0.30-a0-723-gc1506a1cf0 (webtiles) character file.

Game seed: 6942391900347227532

1932 avis the Skirmisher (level 8, -3/68 HPs)
             Began as a Demigod Hunter on Jan 29, 2023.
             Slain by Duvessa
             ... wielding a +0 short sword
              (8 damage)
             ... on level 5 of the Dungeon.
             The game lasted 00:36:56 (4812 turns).

avis the Skirmisher (Demigod Hunter)                Turns: 4812, Time: 00:36:57

Health: -3/68      AC:  5    Str: 12    XL:     8   Next: 65%
Magic:  10/10      EV: 14    Int: 11    God:
Gold:   379        SH:  0    Dex: 25    Spells: 7/7 levels left

rFire   . . .      SeeInvis .    b - +2 short sword (venom)
rCold   . . .      Faith    .    (no shield)
rNeg    . . .      Spirit   .    c - +0 leather armour
rPois   .          Reflect  .    (no helmet)
rElec   .          Harm     .    (no cloak)
rCorr   .          Rampage  .    (no gloves)
Will    +....                    p - +1 pair of boots
Stlth   +++                      (no amulet)
HPRegen 0.31/turn                d - ring of willpower
MPRegen 0.12/turn                f - ring of wizardry

@: no status effects
A: high MP 1, forlorn, divine attributes
a: no special abilities


You were on level 5 of the Dungeon.
You visited 1 branch of the dungeon, and saw 5 of its levels.

You collected 379 gold pieces.

Inventory:

Hand Weapons
 a - a +0 shortbow
 b - a +2 short sword of venom (weapon)
 g - a +0 short sword
 r - a +1 whip of freezing
 t - a +1 flail of protection
 z - a +1 whip of draining
Missiles
 j - 4 poisoned darts (quivered)
 n - 5 boomerangs
Armour
 c - a +0 leather armour (worn)
 p - a +1 pair of boots (worn)
 y - a +3 scale mail
Magical Staves
 B - a staff of conjuration
Jewellery
 d - a ring of willpower (left hand)
 f - a ring of wizardry (right hand)
 h - an amulet of magic regeneration
 x - a ring of ice
Wands
 C - a wand of flame (6)
Scrolls
 l - 2 scrolls of amnesia {unknown}
 o - a scroll of enchant armour {unknown}
 s - a scroll of poison {unknown}
 u - a scroll of torment {unknown}
 A - a scroll of enchant weapon {unknown}
Potions
 e - a potion of heal wounds
 i - a potion of experience {unknown}
 k - a potion of cancellation {unknown}
 m - a potion of flight {unknown}
 q - a potion of berserk rage {unknown}
 v - a potion of invisibility {unknown}
 w - 2 potions of mutation {unknown}


   Skills:
 - Level 5.0 Fighting
 * Level 8.9 Ranged Weapons
 - Level 4.0 Dodging
 - Level 4.0 Stealth


You had 7 spell levels left.
You didn't know any spells.
Your spell library contained the following spells:

 Spells                   Type           Power      Damage    Failure   Level
 Summon Small Mammal      Summ           0%         N/A       17%         1
 Lesser Beckoning         Tloc           0%         N/A       26%         2
 Call Canine Familiar     Summ           0%         N/A       45%         3
 Gell's Gravitas          Tloc           0%         N/A       45%         3
 Summon Guardian Golem    Hex/Summ       0%         N/A       45%         3
 Teleport Other           Tloc           0%         N/A       45%         3


Dungeon Overview and Level Annotations

Branches:
Dungeon (5/15)
 Temple: D:4-7

Annotations:
D:5 Duvessa


Innate Abilities, Weirdness & Mutations

You have an increased reservoir of magic. (+10% MP)
You shall have no god before yourself.
Your divine heritage dramatically boosts your attributes as you level up.


Message History

It was a potion of heal wounds.
You feel much better. Duvessa hits you with a +0 short sword!
You barely miss Duvessa. Duvessa closely misses you. Duvessa barely misses you.
You hit Duvessa.
Duvessa is lightly wounded.
Duvessa hits you with a +0 short sword!
You hit Duvessa but do no damage.
Duvessa is lightly wounded.
Duvessa hits you with a +0 short sword!
* * * LOW HITPOINT WARNING * * *
Duvessa hits you but does no damage.
You hit Duvessa but do no damage.
Duvessa is poisoned.
Duvessa is lightly wounded.
Duvessa completely misses you.
You hit Duvessa.
Duvessa is lightly wounded.
Duvessa hits you with a +0 short sword.
* * * LOW HITPOINT WARNING * * *
Duvessa hits you with a +0 short sword.
* * * LOW HITPOINT WARNING * * *
You hit Duvessa but do no damage.
Duvessa is lightly wounded.
Duvessa closely misses you.
You feel much better. Duvessa closely misses you.
Duvessa hits you with a +0 short sword.
You completely miss Duvessa.
Duvessa is moderately wounded.
Duvessa hits you with a +0 short sword!
You hit Duvessa.
Duvessa is moderately wounded.
Duvessa hits you but does no damage. Duvessa misses you.
You hit Duvessa but do no damage.
Duvessa looks even sicker.
Duvessa is moderately wounded.
Duvessa hits you with a +0 short sword.
You hit Duvessa.
Duvessa is moderately wounded.
Duvessa hits you with a +0 short sword!
* * * LOW HITPOINT WARNING * * *
Duvessa hits you with a +0 short sword!
You die...

~~....≈~~~≈~≈~≈~~≈#####≈~....#
..................#...#≈~....#
##''''#############...#≈~P...#
.#.)..#...........#'###≈~....#
.'....').......).)).#.≈≈~....#
.#....#...........#)#.~≈~....#
###################.#[~≈~....#
... .. #......#.~≈~..P.# ...
... #..@...#.~~~....# ... ...
##e###.#.≈~≈....# ... ..
#.o..#.#.~≈~....# ###
#####'###....#.#.~≈~....#
......)))....#'###≈~....#
###################...#≈~....#
..................#...#≈~....#
~~~~~≈≈~~~~~~~~~~~#####≈~....#
≈≈≈≈~≈≈≈≈~≈≈~≈≈~≈≈≈≈≈≈≈≈~....#


You could see Duvessa (berserk, very poisoned) and an orc.

Vanquished Creatures
  Pikel (D:5)
  Sigmund (D:5)
  A wyvern (D:4)
  2 ogres
  4 lemures (D:5)
  A phantom (D:5)
  A gnoll sergeant (D:5)
  2 scorpions (D:4)
  Dowan (D:5)
  3 howler monkeys (D:5)
  5 hounds
  2 orc priests
  An iguana (D:5)
  An orc wizard (D:4)
  20 gnolls
  3 adders
  A white imp (D:5)
  An ufetubus (D:4)
  A worm (D:4)
  A dart slug (D:1)
  15 orcs
  3 endoplasms
  4 giant cockroaches
  5 goblins
  6 hobgoblins
  14 jackals
  15 kobolds
  5 quokkas
  9 ball pythons
  4 bats
  3 frilled lizards
  9 rats
145 creatures vanquished.

Vanquished Creatures (others)
  A fungus (D:2)
  12 plants
13 creatures vanquished.

Grand Total: 158 creatures vanquished

Notes
Turn   | Place    | Note
-------+----------+-------------------------------------------
     0 | D:1      | avis the Demigod Hunter began the quest for the Orb.
     0 | D:1      | Reached XP level 1. HP: 17/17 MP: 3/3
   178 | D:1      | Reached skill level 4 in Ranged Weapons
   178 | D:1      | Reached XP level 2. HP: 24/24 MP: 4/4
   202 | D:1      | Reached skill level 1 in Stealth
   477 | D:1      | Reached XP level 3. HP: 29/29 MP: 5/5
   764 | D:2      | Got Plato's Anthology of the Comitatus
   891 | D:2      | You fall into a shaft and drop 2 floors!
   918 | D:4      | Noticed a scorpion
   922 | D:4      | Reached XP level 4. HP: 22/38 MP: 6/6
  1142 | D:2      | Reached skill level 5 in Ranged Weapons
  1142 | D:2      | Reached XP level 5. HP: 38/45 MP: 7/7
  2533 | D:4      | Noticed an ogre
  2539 | D:4      | Killed an ogre
  2540 | D:4      | Reached skill level 6 in Ranged Weapons
  2601 | D:4      | Reached XP level 6. HP: 7/51 MP: 8/8
  3444 | D:5      | Entered Level 5 of the Dungeon
  3498 | D:5      | Noticed a wyvern
  3509 | D:4      | Killed a wyvern
  3748 | D:5      | Reached XP level 7. HP: 59/59 MP: 9/9
  3836 | D:5      | Noticed Sigmund
  3839 | D:5      | Noticed Pikel
  3845 | D:5      | Killed Pikel
  3845 | D:5      | Killed Sigmund
  3846 | D:5      | Reached skill level 8 in Ranged Weapons
  3846 | D:5      | Reached XP level 8. HP: 46/67 MP: 10/10
  4330 | D:5      | Reached skill level 5 in Fighting
  4755 | D:5      | Noticed Dowan
  4768 | D:5      | Killed Dowan
  4784 | D:5      | Noticed Duvessa
  4812 | D:5      | Slain by Duvessa

Illustrated notes

Levels and vault maps discovered:
D:1:      shiori_arrival_oz, layout_rooms, grunt_decor_mini_mirrors,
          minmay_pentomino_q2
D:2:      cheibrodos_old_hovel, layout_basic,
          shapermc_ecumenical_altar_rom_forum, lexackson_kobold_supper
D:3:      layout_basic, nemelex_spade_bored_becter, grunt_gozag_statues,
          minivault_19
D:4:      layout_basic
D:5:      lemuel_castle_with_subvaults [lemuel_castle_interior_carwin_1],
          layout_rooms, amcnicky_altar_gilded, uniq_pikel, uniq_sigmund,
          uniq_duvessa

Skill      XL: |  1  2  3  4  5  6  7  8 |
---------------+-------------------------+-----
Fighting       | 2 3 4 5 |  5.0
Ranged Weapons | 4 5 6 8 |  8.9
Dodging        | 2 3 4 |  4.0
Stealth        | 2 3 4 |  4.0

Action                     |  1- 3 |  4- 6 |  7- 9 || total
---------------------------+-------+-------+-------++-------
  Melee: Short sword       |       |    15 |   117 ||   132
         Punch             |       |       |     1 ||     1
   Fire: Shortbow          |   107 |   139 |    63 ||   309
  Throw: Dart              |       |     2 |       ||     2
    Use: Scroll            |       |     1 |     3 ||     4
         Potion            |       |     1 |     3 ||     4
 Armour: Leather armour    |    12 |    32 |    29 ||    73
  Dodge: Dodged            |    44 |    47 |   101 ||   192

Table legend: (Time is in decaauts)
 A = Elapsed time spent in this place.
 B = Non-inter-level travel time spent in this place.
 C = Inter-level travel time spent in this place.
 D = Time resting spent in this place.
 E = Time spent auto-exploring this place.
 F = Levels seen in this place.
 G = Mean time per level.
                   A        B        C        D        E       F      G
               +--------+--------+--------+--------+--------+-----+--------+
         Total |   4892 |   4392 |    500 |    870 |   1891 |   5 |  978.4 |
       Dungeon |   4892 |   4392 |    500 |    870 |   1891 |   5 |  978.4 |
               +--------+--------+--------+--------+--------+-----+--------+

Top non-repeatable levels by time:
     D:4: 1458 daAuts
     D:5: 968 daAuts
     D:3: 932 daAuts
     D:2: 825 daAuts
     D:1: 706 daAuts
